 Dungeon Crawl Stone Soup version 0.29.1-2-gbd0b4ee654 (webtiles) character file.

Game seed: 17228746083245006569

31 hawla the Gusty (level 3, -2/26 HPs)
             Began as a Meteoran Air Elementalist on Nov 14, 2022.
             Slain by a hobgoblin (4 damage)
             ... on level 2 of the Dungeon on Nov 16, 2022.
             The game lasted 00:03:19 (554 turns).

hawla the Gusty (Meteoran Air Elementalist)          Turns: 554, Time: 00:03:20

Health: -2/26      AC:  3    Str: 10    XL:     3   Next: 61%
Magic:  5/9        EV: 12    Int: 18    God:
Gold:   46         SH:  0    Dex: 14    Spells: 6/9 levels left

rFire   . . .      SeeInvis .   k - staff of cold
rCold   + . .      Faith    .   (no shield)
rNeg    . . .      Spirit   .   a - +0 robe
rPois   .          Reflect  .   (no helmet)
rElec   .          Harm     .   (no cloak)
rCorr   .          Rampage  .   (no gloves)
Will    .....                   i - +0 pair of boots
Stlth   +.........              (no amulet)
HPRegen 0.08/turn               (no ring)
MPRegen 0.11/turn               (no ring)

@: glowing
A: sense surroundings 1, otherworldly, glowing, explore regen
a: no special abilities


You were on level 2 of the Dungeon.
You visited 1 branch of the dungeon, and saw 2 of its levels.

You collected 46 gold pieces.

Inventory:

Armour
 a - a +0 robe (worn)
 i - a +0 pair of boots (worn)
Magical Staves
 k - a staff of cold (weapon)
Scrolls
 c - a scroll of identify {unknown}
 d - a scroll of acquirement {unknown}
 e - a scroll of noise {unknown}
 f - a scroll of immolation {unknown}
 j - a scroll of enchant armour {unknown}
Potions
 b - a potion of magic
 g - a potion of curing
 h - a potion of lignification {unknown}


   Skills:
 + Level 0.2 Fighting
 + Level 2.6 Dodging
 - Level 1.4 Stealth
 + Level 3.5 Spellcasting
 + Level 2.0 Conjurations
 + Level 4.0 Air Magic


You had 6 spell levels left.
You knew the following spells:

 Your Spells              Type           Power      Damage    Failure   Level
a - Shock                 Conj/Air       56%        1d6       4%          1
b - Static Discharge      Conj/Air       14%        3-5/arc   7%          2

Your spell library contained the following spells:

 Spells                   Type           Power      Damage    Failure   Level
 Swiftness                Air            17%        N/A       9%          3
 Apportation              Tloc           6%         N/A       16%         1
 Necrotise                Necr           12%        1d4       16%         1
 Summon Small Mammal      Summ           12%        N/A       16%         1
 Airstrike                Air            8%         2d(2-18)  28%         4


Dungeon Overview and Level Annotations

Branches:
Dungeon (2/15) Zot: 645

Altars:


Innate Abilities, Weirdness & Mutations

You passively map a small area around you.
You are easily found by Zot.
You glow in the dark.
You regain HP and MP as you explore.


Message History

You add the spells Necrotise, Summon Small Mammal and Apportation to your library.
j - a scroll labelled UKOOSE VESHOH You see here a stone.
You now have 46 gold pieces (gained 14).
Found a giant club.
k - a staff of cold
k - a staff of cold (weapon)
2 gnolls and a hobgoblin come into view.
The gnoll shouts! x2; The hobgoblin shouts!
A ball python comes into view.
A gnoll comes into view. It is wielding a +0 flail.
The gnoll moves out of view. x2
A gnoll and a hobgoblin come into view.
The gnoll shouts!
The hobgoblin shouts!
The ball python hisses angrily.
There is a shaft here.
Casting: Static Discharge (safe; 7% risk of failure)
Confirm with . or Enter, or press ? or * to list all spells.
The ball python is struck by an arc of lightning!
You kill the ball python!
You are struck by an arc of lightning.
The lightning grounds out.
The gnoll shouts!
The gnoll hits you from afar with a +0 spear.
Your Conjurations skill increases to level 2!
The gnoll closely misses you.
Casting: Static Discharge (safe; 7% risk of failure)
Confirm with . or Enter, or press ? or * to list all spells.
The gnoll is struck by an arc of lightning.
The gnoll is heavily wounded.
The gnoll is struck by an arc of lightning!
The gnoll is severely wounded.
You are struck by an arc of lightning.
The lightning grounds out.
The gnoll hits you with a +0 spear. The gnoll hits you with a +0 club!
* * * LOW HITPOINT WARNING * * *
The hobgoblin closely misses you. The gnoll hits you with a +0 flail.
* * * LOW HITPOINT WARNING * * *
Unknown command.
It was a potion of curing.
You feel better. The gnoll hits you with a +0 flail!
* * * LOW HITPOINT WARNING * * *
The hobgoblin hits you.
You die...

##.....# #......#
######......#
##...##......#
#####.........#
†............# #
......#.(...## #######.#
...........### #^......#
.............###@gg...##
<....>.........ggg....#
..#.#........###..)...#
...........#.##.g.......
....#......#............
)##.#.........#.........
###.#.#......##.........
..........[...........
.>.......#.##.........


You could see 4 gnolls and 2 hobgoblins.

Vanquished Creatures
  A dart slug (D:1)
  2 ball pythons
  2 endoplasms
  3 giant cockroaches (D:1)
  A goblin (D:1)
  3 hobgoblins
  2 jackals (D:1)
  3 kobolds (D:1)
  A quokka (D:1)
  4 bats (D:1)
  A frilled lizard (D:1)
  2 rats (D:1)
25 creatures vanquished.

Notes
Turn   | Place    | Note
-------+----------+-------------------------------------------
     0 | D:1      | hawla the Meteoran Air Elementalist began the quest for the
                  | Orb.
     0 | D:1      | Reached XP level 1. HP: 14/14 MP: 5/5
    70 | D:1      | Reached XP level 2. HP: 20/20 MP: 1/6
    73 | D:1      | Learned a level 2 spell: Static Discharge
   208 | D:1      | Reached skill level 4 in Air Magic
   221 | D:1      | Reached XP level 3. HP: 26/26 MP: 4/8
   500 | D:1      | Glimpsed the power of Zot.
   553 | D:2      | HP: 1/26 [gnoll/+0 flail (6)]
   554 | D:2      | Slain by a hobgoblin

Illustrated notes

Levels and vault maps discovered:
D:1:      matt_arrival_los_fun, layout_basic
D:2:      layout_rooms, uniq_crazy_yiuf_cottage

Skill      XL: |  1  2  3 |
---------------+----------+-----
Spellcasting   | 3 |  3.5
Air Magic      | 4 |  4.0
Conjurations   | 2 |  2.0
Fighting       | |  0.2
Dodging        | |  2.6
Stealth        | |  1.4

Action                   || total
-------------------------++-------
Melee: Unarmed           ||    17
       Punch             ||     1
 Cast: Shock             ||    28
       Static Discharge  ||    14
  Use: Potion            ||     1
Armor: Robe              ||    12
Dodge: Dodged            ||    21
